[Event "*** Titled Tuesday Blitz"]
[Site "Chess.com"]
[Date "2020.05.12"]
[Round "8"]
[White "NefeLV"]
[Black "Perecke"]
[Result "0-1"]
[WhiteElo "1804"]
[BlackElo "2204"]
[TimeControl "180+1"]
[EndTime "11:30:40 PDT"]
[Termination "Perecke won by checkmate"]

1. e4 c5 2. f4 d5 3. e5 Nc6 4.
Nf3 Bg4 5. Be2 Qd7 6. O-O O-O-O 7. d4 Bxf3 8. Bxf3 Nxd4 9. c3 Nxf3+ 10. Qxf3 e6 11. Be3 Qc7 12. Nd2 Ne7 13. b4 Nf5 14. Bf2 c4 15. a4 h5 16. a5 h4 17. Bxa7 Be7 18. Bb6 Qc6 19. Bxd8 Rxd8 20. b5 Bc5+ 21. Kh1 Qc7 22. b6 Qc6 23. Rfb1 Rh8 24. a6 Ng3+ 25. Qxg3 hxg3 26. h3 d4 27. a7 Rxh3+ 28. Kg1 d3+ 29.
Kf1 Rh1# 0-1

[Event "*** Titled Tuesday Blitz"]
[Site "Chess.com"]
[Date "2020.05.12"]
[Round "8"]
[White "robertofabregas"]
[Black "krasavetc"]
[Result "1-0"]
[WhiteElo "2101"]
[BlackElo "2266"]
[TimeControl "180+1"]
[EndTime "11:30:40 PDT"]
[Termination "robertofabregas won by resignation"]

1. d4 Nf6 2. Bf4 g6 3. e3 Bg7 4. Nf3 O-O 5. h4 d6 6. c3 Nbd7 7.
Nbd2 Re8 8. Bg3 e5 9. Be2 Nh5 10.
Bh2 e4 11. Ng5 h6 12. Bxh5 hxg5 13. Bg4 f5 14. Be2 gxh4 15. g3 hxg3 16. Bxg3 Nf6 17. c4 Ng4 18. Bxg4 fxg4 19. Qc2 Bf5 20. O-O-O Bxd4 21. exd4 e3 22. Qc3 exd2+ 23. Rxd2 Qg5 24. d5 Kf8 25. Rh8+ Ke7 26. Qg7+ Kd8 27. Bh4 Rxh8 28. Bxg5+ 1-0

[Event "*** Titled Tuesday Blitz"]
[Site "Chess.com"]
[Date "2020.05.12"]
[Round "8"]
[White "kinga2008"]
[Black "Matalon"]
[Result "0-1"]
[WhiteElo "2214"]
[BlackElo "2349"]
[TimeControl "180+1"]
[EndTime "11:30:41 PDT"]
[Termination "Matalon won by checkmate"]

1. e4 c5 2. Nf3 d6 3. c3 Nf6 4.
Bd3 Nc6 5. Bc2 e5 6. O-O d5 7. exd5 Qxd5 8. Re1 Bg4 9. d3 Bxf3 10. Qxf3 Qxf3 11.
gxf3 Bd6 12. f4 O-O 13. fxe5 Nxe5 14. Nd2 Rfe8 15. Kg2 Ng6 16. Ne4 Nxe4 17. dxe4 Nh4+ 18.
Kh3 Nf3 19. Rh1 Rad8 20. Be3 b6 21. Rad1 Be5 22. Kg4 Nxh2+ 23. Kf5 g6+ 24. Kg5 Kg7 25. f4 Bf6# 0-1

[Event "*** Titled Tuesday Blitz"]
[Site "Chess.com"]
[Date "2020.05.12"]
[Round "8"]
[White "chessdjw"]
[Black "NZT72"]
[Result "1-0"]
[WhiteElo "2683"]
[BlackElo "2471"]
[TimeControl "180+1"]
[EndTime "11:30:43 PDT"]
[Termination "chessdjw won by resignation"]

1. e4 e5 2. Nf3 Nc6 3. Bb5 Nf6 4. O-O Nxe4 5. d4 Nd6 6. Bxc6 dxc6 7. dxe5 Nf5 8.
Qxd8+ Kxd8 9. h3 h5 10. Nc3 Ke8 11. Bf4 Be7 12. Rad1 Be6 13. Ng5 Rh6 14. Rfe1 Bb4 15.
a3 Bxc3 16. bxc3 Rg6 17. Nxe6 Rxe6 18. g4 hxg4 19. hxg4 Nh4 20. Rd3 Ng6 21. Bg3 Re7 22. f4 f6 23. e6 Rd8 24. f5 Rxd3 25. cxd3 Nf8 26. Kf2 g5 27. Rh1 Nh7 28. Rh6 Kf8 29. d4 b5 30. Ke3 Kg7 31. Rg6+ Kf8 32. Ke4 a5 33. d5 cxd5+ 34. Kxd5 Re8 35. Bxc7 1-0

[Event "*** Titled Tuesday Blitz"]
[Site "Chess.com"]
[Date "2020.05.12"]
[Round "8"]
[White "Juanovic"]
[Black "wanyaland"]
[Result "0-1"]
[WhiteElo "2179"]
[BlackElo "2317"]
[TimeControl "180+1"]
[EndTime "11:30:44 PDT"]
[Termination "wanyaland won by resignation"]

1. e4 c5 2. Nf3 d6 3. Bb5+ Bd7 4. Bxd7+ Qxd7 5. Nc3 g6 6. d3 Bg7 7. O-O Nc6 8. h3 Nf6 9. Re1 e5 10. Bg5 h6 11.
Bxf6 Bxf6 12. Nd5 Bd8 13. Nd2 f5 14. a4 O-O 15. Nc4 Qe6 16. a5 a6 17. Ncb6 Rb8 18.
c3 Kh7 19. f3 Bh4 20. Rf1 Rf7 21. f4 fxe4 22. dxe4 Rbf8 23. Qg4 Qxg4 24. hxg4 exf4 25. Nc4 Ne5 26. Nxd6 Rd7 27. Nxf4 Rxd6 28. Nd5 Rdd8 29. Rad1 Nxg4 30. Rf3 Kg7 31. Rdf1 Ne5 32. Rxf8 Rxf8 33. Rxf8 Kxf8 34. b3 Nc6 0-1

[Event "*** Titled Tuesday Blitz"]
[Site "Chess.com"]
[Date "2020.05.12"]
[Round "8"]
[White "SPEEDSKATER"]
[Black "LiemLe"]
[Result "0-1"]
[WhiteElo "2769"]
[BlackElo "2961"]
[TimeControl "180+1"]
[EndTime "11:30:49 PDT"]
[Termination "LiemLe won by resignation"]

1. d4 f5 2. Bg5 g6 3. Nc3 Bg7 4. e3 h6 5. Bf4 d6 6. h4 Nf6 7. Qf3 Nc6 8. Bc4 e5 9. Qg3 Ng4 10. dxe5 dxe5 11. Rd1 Bd7 12. f3 exf4 13. exf4 Qe7+ 14.
Nge2 Bxc3+ 15. bxc3 Ne3 16. Qxg6+ Kd8 17. Rxd7+ Kxd7 18. Bb3 Rae8 19. Kf2 Kc8 20. Re1 Nd1+ 21. Kf1 Nxc3 22. Qxf5+ Kb8 0-1

[Event "*** Titled Tuesday Blitz"]
[Site "Chess.com"]
[Date "2020.05.12"]
[Round "8"]
[White "Alexander_Moskalenko"]
[Black "BakaPG"]
[Result "0-1"]
[WhiteElo "2805"]
[BlackElo "2671"]
[TimeControl "180+1"]
[EndTime "11:30:54 PDT"]
[Termination "BakaPG won by resignation"]

1. e4 e6 2. d4 d5 3. Nc3 Nf6 4.
exd5 exd5 5. Bd3 Bd6 6. Qf3 Bg4 7. Qe3+ Be7 8. h3 Bh5 9. Qg3 O-O 10. Bf4 Re8 11. Nge2 Bd6 12. Bxd6 cxd6 13. O-O Bxe2 14. Nxe2 Nc6 15. c3 Ne4 16. Qf4 Qb6 17. Rab1 Rad8 18. Rfe1 Nf6 19. g4 h6 20. h4 Ne7 21. g5 hxg5 22.
hxg5 Ne4 23. Bxe4 dxe4 24. Qxe4 Ng6 25. Qf5 Qa6 26. Nf4 Nxf4 27. Qxf4 Qxa2 28. Qf3 Rxe1+ 29. Rxe1 Qxb2 30. Re7 Rf8 31. g6 Qc1+ 32. Kh2 Qh6+ 33. Kg1 Qg5+ 34. Kf1 Qxe7 0-1

[Event "*** Titled Tuesday Blitz"]
[Site "Chess.com"]
[Date "2020.05.12"]
[Round "8"]
[White "2nd_life"]
[Black "RATNAKARAN"]
[Result "1-0"]
[WhiteElo "2436"]
[BlackElo "2560"]
[TimeControl "180+1"]
[EndTime "11:30:54 PDT"]
[Termination "2nd_life won by resignation"]

1. e4 e6 2. d4 d5 3. Nc3 Nf6 4.
Bg5 Be7 5. e5 Nfd7 6. Bxe7 Qxe7 7.
f4 O-O 8. Nf3 f5 9. Ne2 c5 10. c3 b5 11. a3 a5 12. h3 Ba6 13.
Qd2 b4 14. axb4 axb4 15. Ng3 bxc3 16. bxc3 cxd4 17. cxd4 Bxf1 18. Rxa8 Ba6 19. Qa5 Bb7 20. Qa3 Qd8 21. Ra7 Qb6 22. O-O Ba6 23. Rxd7 Nxd7 24.
Ra1 Nb8 25. Kh2 h6 26. Qe7 Rf7 27. Qe8+ Rf8 28. Qg6 Kh8 29. Nh5 Rg8 30. Ng5 hxg5 31.
Nf6 1-0

[Event "*** Titled Tuesday Blitz"]
[Site "Chess.com"]
[Date "2020.05.12"]
[Round "8"]
[White "shav3184"]
[Black "GMartin_Petrov"]
[Result "0-1"]
[WhiteElo "2336"]
[BlackElo "2563"]
[TimeControl "180+1"]
[EndTime "11:30:59 PDT"]
[Termination "GMartin_Petrov won by resignation"]

1. e4 c5 2. Nf3 d6 3. d4 cxd4 4.
Nxd4 Nf6 5. f3 e5 6. Nb3 d5 7. Bg5 Be6 8. exd5 Qxd5 9. Qxd5 Nxd5 10. Nc3 Nxc3 11. bxc3 Ba3 12. Bb5+ Nc6 13. Na5 O-O 14. Bxc6 bxc6 15. Nxc6 Bb2 16. Rb1 Bxc3+ 17. Kf2 f6 18. Be3 Bxa2 19. Rb7 a5 20. Rd1 Rf7 21. Ne7+ Kh8 22.
Rdd7 Bb4 23. Nc6 Rxd7 24. Rxd7 Bf8 25. h4 a4 26. h5 h6 27. c3 a3 28. Ra7 Rxa7 29.
Nxa7 Bc4 30. Bc1 a2 31. Bb2 Bc5+ 0-1

[Event "*** Titled Tuesday Blitz"]
[Site "Chess.com"]
[Date "2020.05.12"]
[Round "8"]
[White "murtas73"]
[Black "Igor_Lysyj"]
[Result "1/2-1/2"]
[WhiteElo "2640"]
[BlackElo "2790"]
[TimeControl "180+1"]
[EndTime "11:31:06 PDT"]
[Termination "Game drawn by agreement"]

1. d4 Nf6 2. c4 e6 3. Nc3 Bb4 4. e3 O-O 5. Bd3 d5 6. Ne2 dxc4 7. Bxc4 c5 8. O-O cxd4 9. exd4 Nc6 10. Bg5 h6 11. Bh4 Be7 12. a3 Nh5 13. Bxe7 Nxe7 14. d5 exd5 15. Nxd5 Nxd5 16. Bxd5 Nf6 17. Bf3 Qb6 18.
Qd4 Qxd4 19. Nxd4 Bg4 20. Bxg4 Nxg4 21. Rac1 Rac8 22. Nb5 a6 23. Nd6 Rxc1 24. Rxc1 Rd8 25. Nxb7 Rd2 26. b4 Ra2 27. h3 Nxf2 28. Nc5 f5 29. a4 Ne4 30. Nxa6 Rxa4 31. b5 Ra2 32. Rb1 Nc3 33. Rb3 Ne2+ 34. Kf1 Nd4 35. Rb4 Nxb5 36. Rxb5 Rxa6 37. Rxf5 Kh7 1/2-1/2

[Event "*** Titled Tuesday Blitz"]
[Site "Chess.com"]
[Date "2020.05.12"]
[Round "8"]
[White "MaxLeto"]
[Black "Gromes7"]
[Result "1-0"]
[WhiteElo "2320"]
[BlackElo "2126"]
[TimeControl "180+1"]
[EndTime "11:31:12 PDT"]
[Termination "MaxLeto won by resignation"]

1. g4 c5 2. Bg2 Nc6 3. c4 g6 4.
Nc3 Bg7 5. g5 h6 6. h4 e6 7. d3 Qc7 8. Nh3 a6 9. Bf4 e5 10. Nd5 Qd8 11. Bd2 Nge7 12. gxh6 Bxh6 13. Bxh6 Rxh6 14. Qd2 Rxh4 15. Nf6+ Kf8 16. O-O-O Ng8 17. Ne4 d6 18. Nhg5 Rxh1 19. Rxh1 Nf6 20. Nxf6 Qxf6 21. Nh7+ 1-0

[Event "*** Titled Tuesday Blitz"]
[Site "Chess.com"]
[Date "2020.05.12"]
[Round "8"]
[White "snowlord"]
[Black "ChessTraining77"]
[Result "1-0"]
[WhiteElo "2748"]
[BlackElo "2541"]
[TimeControl "180+1"]
[EndTime "11:31:14 PDT"]
[Termination "snowlord won by resignation"]

1. c4 c6 2. Nf3 d5 3. g3 Nf6 4.
Bg2 Bg4 5. Ne5 Be6 6. cxd5 Bxd5 7. Nf3 c5 8. O-O e6 9. d3 Be7 10. e4 Bc6 11. Nc3 O-O 12. Re1 Qa5 13. d4 Rd8 14.
d5 exd5 15. exd5 Nxd5 16. Nxd5 Rxd5 17. Qe2 Bf8 18. Ne5 Rd8 19. Nxf7 Re8 20. Ne5 Qa6 21. Qh5 Nd7 22. Qf7+ Kh8 23. Bf4 Nxe5 24. Bxe5 Bxg2 25.
Bxg7+ 1-0

[Event "*** Titled Tuesday Blitz"]
[Site "Chess.com"]
[Date "2020.05.12"]
[Round "8"]
[White "luizwas"]
[Black "Colombiano07"]
[Result "0-1"]
[WhiteElo "1757"]
[BlackElo "2195"]
[TimeControl "180+1"]
[EndTime "11:31:14 PDT"]
[Termination "Colombiano07 won by resignation"]

1. e4 c5 2. Nf3 Nc6 3. d4 cxd4 4.
Nxd4 Nf6 5. Nc3 g6 6. Be3 Bg7 7. f3 O-O 8. Qd2 d5 9. Nxc6 bxc6 10. O-O-O Qc7 11. exd5 Nxd5 12. Nxd5 cxd5 13. Qxd5 Be6 14. Qc5 Qb7 15. b3 a5 16. Qb5 Qc7 17. Qc5 Qb7 18.
Qb5 Qc8 19. Qc5 a4 20. Qxc8 Rfxc8 21. Kb1 axb3 22. cxb3 Bxb3 23. Bd4 Bxd1 24. Bxg7 Kxg7 25. Bd3 Ba4 0-1

[Event "*** Titled Tuesday Blitz"]
[Site "Chess.com"]
[Date "2020.05.12"]
[Round "8"]
[White "Hanging_pointer"]
[Black "heartofatiger"]
[Result "0-1"]
[WhiteElo "2585"]
[BlackElo "2470"]
[TimeControl "180+1"]
[EndTime "11:31:15 PDT"]
[Termination "heartofatiger won by checkmate"]

1. d4 Nf6 2. c4 g6 3. Nc3 Bg7 4.
e4 d6 5. f3 O-O 6. Be3 Nc6 7.
Qd2 a6 8. Nge2 Rb8 9. a4 a5 10. d5 Nb4 11. Nd4 c5 12. Ndb5 e5 13. g4 h5 14. h3 Ne8 15. Be2 h4 16. Bg5 Bf6 17.
Bh6 Ng7 18. f4 exf4 19. Bxf4 Ne8 20. O-O-O g5 21. Be3 Qe7 22. Rhf1 Bd7 23. Rxf6 Qxf6 24. Bxg5 Qe5 25. Bxh4 Bxb5 26. Nxb5 Qxe4 27. Nc3 Qg6 28. Be7 Nf6 29. Bxd6 Ne4 30. Nxe4 Qxe4 31. Bxb8 Na2# 0-1

[Event "*** Titled Tuesday Blitz"]
[Site "Chess.com"]
[Date "2020.05.12"]
[Round "8"]
[White "Oglob71"]
[Black "MusicCityMaster"]
[Result "1-0"]
[WhiteElo "2496"]
[BlackElo "2319"]
[TimeControl "180+1"]
[EndTime "11:31:15 PDT"]
[Termination "Oglob71 won by resignation"]

1. d4 Nf6 2. Nf3 c5 3. d5 g6 4. c4 b5 5. Qc2 Bb7 6. e4 bxc4 7. Bxc4 Bg7 8. O-O O-O 9. Nc3 d6 10.
Bf4 Nbd7 11. Rad1 Nb6 12. Be2 a5 13. Rfe1 Nfd7 14. h3 Ba6 15. Bxa6 Rxa6 16. e5 dxe5 17. Nxe5 Nxe5 18. Bxe5 Bxe5 19. Rxe5 Nc4 20. Re2 Nd6 21. Rde1 Ra7 22. Ne4 Nxe4 23. Qxe4 Rd7 24. b3 Rxd5 25. Qxe7 Qxe7 26. Rxe7 Rd2 27. R7e2 Rfd8 28. f3 Kg7 29. Kf2 Kf6 30. Rxd2 Rxd2+ 31. Re2 Rxe2+ 32. Kxe2 Ke5 33.
Kd3 Kd5 34. f4 h5 35. g3 f6 36. g4 hxg4 37. hxg4 f5 38. g5 Kd6 39. Kc4 Kc6 40.
a4 Kd6 41. Kb5 Kd5 42. Kxa5 Ke4 43. Kb6 Kxf4 44. a5 Kxg5 45. a6 f4 46. a7 Kg4 47.
a8=Q g5 48. Qg2+ Kf5 49. Kxc5 g4 50. Kd4 f3 51. Qg3 1-0

[Event "*** Titled Tuesday Blitz"]
[Site "Chess.com"]
[Date "2020.05.12"]
[Round "8"]
[White "gmcorrales"]
[Black "manitodeplomo"]
[Result "1-0"]
[WhiteElo "2791"]
[BlackElo "2611"]
[TimeControl "180+1"]
[EndTime "11:31:16 PDT"]
[Termination "gmcorrales won by resignation"]

1. e4 c5 2. Nf3 e6 3. d4 cxd4 4. Nxd4 a6 5. Bd3 g6 6. f4 Bg7 7. Nf3 Ne7 8. c4 O-O 9. O-O Nbc6 10. Nc3 d5 11. cxd5 exd5 12. e5 f6 13. exf6 Bxf6 14. Kh1 Bg4 15. h3 Bxf3 16. Qxf3 Qd7 17. Bd2 Rad8 18. Rae1 Nf5 19. g4 Nfd4 20. Qf2 Nb4 21. Bb1 Ndc2 22. Rd1 d4 23. Ne4 d3 24. a3 Nd5 25.
Ba2 Kg7 26. Qf3 Qc6 27. Nxf6 Rxf6 28. Bxd5 Rxd5 29. Bc3 Nd4 30. Qg2 Ne2 31. g5 Nxc3 32.
gxf6+ Qxf6 33. bxc3 Rd6 34. Qf3 Qf5 35. Rf2 b5 36.
Rfd2 1-0

[Event "*** Titled Tuesday Blitz"]
[Site "Chess.com"]
[Date "2020.05.12"]
[Round "8"]
[White "InitiatingASC"]
[Black "EvgenyRomanov"]
[Result "1-0"]
[WhiteElo "2370"]
[BlackElo "2640"]
[TimeControl "180+1"]
[EndTime "11:31:16 PDT"]
[Termination "InitiatingASC won by resignation"]

1. d4 Nf6 2. c4 c5 3. Nf3 b5 4. e3 cxd4 5. exd4 bxc4 6. Bxc4 e6 7.
O-O Ba6 8. Be2 Be7 9. Nc3 O-O 10.
Rb1 Bxe2 11. Qxe2 d5 12. Ne5 Nfd7 13. Bf4 Nxe5 14. Bxe5 Nc6 15. Rfd1 Bb4 16. Rd3 Re8 17. Rg3 f6 18. Qg4 Bf8 19. Bf4 Nxd4 20. Rd1 Nf5 21.
Rgd3 Qc8 22. Bc1 d4 23. Ne4 e5 24. Nxf6+ Kh8 25. Nxe8 Qxe8 26. Qxf5 Rc8 27. h4 Rc5 28.
Qe4 Qc8 29. Bg5 h6 30. Bd2 Be7 31. Bb4 1-0

[Event "*** Titled Tuesday Blitz"]
[Site "Chess.com"]
[Date "2020.05.12"]
[Round "8"]
[White "MPGM"]
[Black "praveenb2002"]
[Result "0-1"]
[WhiteElo "2534"]
[BlackElo "2719"]
[TimeControl "180+1"]
[EndTime "11:31:18 PDT"]
[Termination "praveenb2002 won by resignation"]

1. d4 d5 2. c4 c6 3. Nf3 Nf6 4.
Nbd2 Bf5 5. Nh4 Be4 6. Qb3 Qc7 7. e3 e6 8. f3 Bg6 9. Be2 Nbd7 10. g3 c5 11.
cxd5 exd5 12. Nxg6 hxg6 13. O-O Bd6 14. Kg2 Kf8 15.
Qd1 Re8 16. Nb1 cxd4 17. exd4 Nh5 18. f4 Nhf6 19. Nc3 a6 20. Bf3 Nb6 21. Rf2 Qd7 22. b3 Qh3+ 23. Kg1 Ne4 24. Nxe4 dxe4 25. Bg4 Qh7 26. Be3 Nd5 27. Qe2 f5 28. Qc4 Nxe3 29.
Bxf5 Nxc4 0-1

[Event "*** Titled Tuesday Blitz"]
[Site "Chess.com"]
[Date "2020.05.12"]
[Round "8"]
[White "krstulov_alex"]
[Black "Ceejay271"]
[Result "0-1"]
[WhiteElo "2535"]
[BlackElo "2393"]
[TimeControl "180+1"]
[EndTime "11:31:18 PDT"]
[Termination "Ceejay271 won by resignation"]

1. d4 Nf6 2. c4 e6 3. Nf3 d5 4. Nc3 Nbd7 5. Bf4 dxc4 6. e3 Nd5 7. Bxc4 Nxf4 8. exf4 Be7 9. O-O O-O 10. Ne5 Nxe5 11.
fxe5 a6 12. Qg4 b5 13. Bd3 Bb7 14. Ne4 Qd5 15. Rfd1 Rad8 16. Rac1 Rd7 17. Bb1 Kh8 18. b3 f5 19. exf6 gxf6 20. Qh3 Rg8 21. f3 f5 22. Nc3 Qxf3 23. Qxf3 Bxf3 24. Rd2 c5 25. d5 Bf6 26.
Kh1 Bxc3 27. Rxc3 Rxd5 28. Bd3 Be4 0-1

[Event "*** Titled Tuesday Blitz"]
[Site "Chess.com"]
[Date "2020.05.12"]
[Round "8"]
[White "SameerMujumdar"]
[Black "manmanlai1"]
[Result "0-1"]
[WhiteElo "2184"]
[BlackElo "2335"]
[TimeControl "180+1"]
[EndTime "11:31:18 PDT"]
[Termination "manmanlai1 won by resignation"]

1. c4 e5 2. g3 c6 3. Bg2 d5 4. Nf3 Bd6 5. cxd5 cxd5 6. d4 e4 7. Nfd2 Nc6 8. Nc3 Nf6 9. O-O O-O 10. Nb3 Bf5 11. Bg5 Be7 12. e3 h6 13. Bxf6 Bxf6 14.
Rc1 Rc8 15. a3 Be7 16. Nd2 b6 17. Qb3 Be6 18. Qa2 Qd7 19. Ndxe4 dxe4 20. d5 Bf5 21.
dxc6 Rxc6 22. Nxe4 Rxc1 23. Rxc1 Rc8 24. Rxc8+ Qxc8 25.
h4 Qc1+ 26. Kh2 Be6 27. b3 Qxa3 28. Qd2 Qxb3 29. f4 a5 30. Bh3 Bxh3 31. Kxh3 Qe6+ 0-1

[Event "*** Titled Tuesday Blitz"]
[Site "Chess.com"]
[Date "2020.05.12"]
[Round "8"]
[White "okriak"]
[Black "Love_craft"]
[Result "1-0"]
[WhiteElo "2796"]
[BlackElo "2609"]
[TimeControl "180+1"]
[EndTime "11:31:19 PDT"]
[Termination "okriak won by resignation"]

1. Nf3 Nf6 2. c4 g6 3. Nc3 Bg7 4. e4 d6 5. d4 O-O 6. h3 Nbd7 7. Bg5 h6 8. Be3 e5 9. d5 Ne8 10. g4 Kh7 11. Bd3 c5 12. Nd2 Bf6 13. h4 Be7 14.
h5 Bg5 15. hxg6+ fxg6 16. Qe2 Kg7 17. Nf3 Bxe3 18. Qxe3 g5 19. Nd2 Ndf6 20. f3 Ng8 21.
Nf1 Ne7 22. Ng3 Ng6 23. Nf5+ Bxf5 24. exf5 Nf4 25. O-O-O Nf6 26. Rh2 Rh8 27. Rdh1 a6 28. Ne2 b5 29. Nxf4 exf4 30. Qd2 bxc4 31. Bxc4 a5 32.
Re1 Qd7 33. Re6 a4 34. Rhe2 Rhe8 35. Qe1 Rxe6 36. fxe6 Qe7 37. Qc3 a3 38. bxa3 Qa7 39. e7 Re8 40. Re6 1-0

[Event "*** Titled Tuesday Blitz"]
[Site "Chess.com"]
[Date "2020.05.12"]
[Round "8"]
[White "swimmerchess"]
[Black "Azerichess"]
[Result "0-1"]
[WhiteElo "2841"]
[BlackElo "3052"]
[TimeControl "180+1"]
[EndTime "11:31:20 PDT"]
[Termination "Azerichess won by resignation"]

1. e4 e5 2. Nf3 Nc6 3. Bb5 g6 4. c3 a6 5. Ba4 Bg7 6. d4 exd4 7. cxd4 b5 8. Bb3 Nge7 9. d5 Na5 10. Bd2 Nxb3 11.
Qxb3 c5 12. d6 Nc6 13. Bc3 c4 14. Qd1 f6 15. O-O O-O 16. a4 Rb8 17. axb5 axb5 18. Nd4 b4 19. Be1 f5 20. Nxc6 dxc6 21. Qc2 Be6 22. exf5 Rxf5 23. Nd2 b3 24. Qe4 Bd5 25.
Qe2 Bxb2 26. Rb1 c3 27. Nc4 c2 0-1

[Event "*** Titled Tuesday Blitz"]
[Site "Chess.com"]
[Date "2020.05.12"]
[Round "8"]
[White "martabartel"]
[Black "Aradej"]
[Result "1-0"]
[WhiteElo "2299"]
[BlackElo "2470"]
[TimeControl "180+1"]
[EndTime "11:31:20 PDT"]
[Termination "martabartel won by resignation"]

1. d4 Nf6 2. Nf3 g6 3. c4 Bg7 4. Nc3 c5 5. d5 O-O 6. Bg5 d6 7.
e3 e6 8. Be2 exd5 9. cxd5 h6 10. Bh4 a6 11. a4 g5 12. Bg3 Nh5 13. Nd2 Nxg3 14. hxg3 Nd7 15. Nc4 Ne5 16. O-O Nxc4 17. Bxc4 Rb8 18. Qc2 Bd7 19. a5 Re8 20. Rfd1 h5 21.
Ra2 h4 22. gxh4 gxh4 23. Ne2 Qg5 24. e4 Be5 25. Ra3 Kf8 26. Qd2 Qg6 27. Bd3 Bh3 28.
g3 hxg3 29. f4 Bg7 30. Bc2 Bg4 31. Rxg3 Qh5 32. Re1 Ke7 33. e5 Rg8 34. Nc3 Bh6 35.
exd6+ Kd7 36. Ne4 Bf3 37. Nf6+ Kxd6 38. Nxh5 1-0

[Event "*** Titled Tuesday Blitz"]
[Site "Chess.com"]
[Date "2020.05.12"]
[Round "8"]
[White "OhanyanEminChess"]
[Black "PowerThinking2650"]
[Result "1-0"]
[WhiteElo "2451"]
[BlackElo "2278"]
[TimeControl "180+1"]
[EndTime "11:31:20 PDT"]
[Termination "OhanyanEminChess won by resignation"]

1. e4 e5 2. Nf3 Nc6 3. Bc4 Nf6 4. d4 exd4 5. O-O Nxe4 6. Re1 d5 7. Bxd5 Qxd5 8. Nc3 Qa5 9. Nxe4 Be6 10. Bg5 h6 11.
Bh4 g5 12. Nf6+ Ke7 13. b4 Qf5 14. b5 gxh4 15. bxc6 Qxf6 16. cxb7 Rb8 17. Nxd4 Ke8 18.
Nc6 Bc5 19. Nxb8 Qxf2+ 20. Kh1 h3 21. Qf3 hxg2+ 22. Qxg2 Kf8 23. Qxf2 Bxf2 24. Rxe6 fxe6 25. Nd7+ Ke7 26. b8=Q 1-0

[Event "*** Titled Tuesday Blitz"]
[Site "Chess.com"]
[Date "2020.05.12"]
[Round "8"]
[White "PotapovaM"]
[Black "PavlovDanila"]
[Result "0-1"]
[WhiteElo "2414"]
[BlackElo "2682"]
[TimeControl "180+1"]
[EndTime "11:31:22 PDT"]
[Termination "PavlovDanila won by resignation"]

1. d4 Nf6 2. c4 e5 3. dxe5 Ng4 4.
Nf3 Bc5 5. e3 Nc6 6. Nc3 O-O 7. Be2 Re8 8. O-O Ngxe5 9. b3 Nxf3+ 10. Bxf3 Ne5 11. Be2 a5 12. Bb2 Ra6 13. Nd5 Rh6 14.
g3 d6 15. Qd2 Ng4 16. Qc3 f6 17. h4 c6 18. Nf4 Nxe3 19. Rfe1 Bb4 20. Qd3 Bf5 21. Qd4 c5 22. Qxe3 Rxe3 23. fxe3 Bxe1 24. Rxe1 Be4 25. Bg4 f5 26. Be2 g5 27.
Nh5 gxh4 28. Rd1 Qg5 0-1

[Event "*** Titled Tuesday Blitz"]
[Site "Chess.com"]
[Date "2020.05.12"]
[Round "8"]
[White "Shushik"]
[Black "chessuriel"]
[Result "1-0"]
[WhiteElo "2093"]
[BlackElo "2142"]
[TimeControl "180+1"]
[EndTime "11:31:22 PDT"]
[Termination "Shushik won by resignation"]

1. e4 c5 2. Nf3 e6 3. d4 cxd4 4. Nxd4 Nc6 5. Nc3 Qc7 6. Be3 Nf6 7. Qf3 a6 8. Nxc6 bxc6 9. Qg3 Qxg3 10. hxg3 Rb8 11.
O-O-O Bb4 12. e5 Bxc3 13. bxc3 Nd5 14. Bd4 c5 15. Bxc5 Nxc3 16. Rd4 Rb1+ 17. Kd2 Nd5 18. g4 Bb7 19. g5 Ne7 20. Rb4 Rxb4 21. Bxb4 Nd5 22.
Bd6 f6 23. g6 h6 24. Bd3 Rg8 25. Rb1 Bc8 26. Rb8 Kd8 27. Bxa6 1-0

[Event "*** Titled Tuesday Blitz"]
[Site "Chess.com"]
[Date "2020.05.12"]
[Round "8"]
[White "alexsergeyev"]
[Black "Fusikk"]
[Result "0-1"]
[WhiteElo "2361"]
[BlackElo "2508"]
[TimeControl "180+1"]
[EndTime "11:31:25 PDT"]
[Termination "Fusikk won by resignation"]

1. d4 Nf6 2. c4 e6 3. Nf3 Bb4+ 4. Nbd2 d5 5. e3 Be7 6. Bd3 O-O 7. O-O b6 8. cxd5 exd5 9. b3 Bb7 10. Bb2 Nbd7 11. Ne5 c5 12. Nxd7 Qxd7 13. dxc5 bxc5 14. Qe2 Rfd8 15.
Rfd1 Rac8 16. h3 Qc6 17. Rac1 c4 18. Bf5 d4 19. Nf3 dxe3 20. Qxe3 Bc5 21. Qg5 h6 22.
Qg3 Rxd1+ 23. Rxd1 Re8 24. bxc4 Re2 25. Bd4 Bxd4 26. Rxd4 Re8 27. h4 Qc5 28. Rd1 Qxf5 0-1

[Event "*** Titled Tuesday Blitz"]
[Site "Chess.com"]
[Date "2020.05.12"]
[Round "8"]
[White "tteshan"]
[Black "zurzan"]
[Result "1-0"]
[WhiteElo "2187"]
[BlackElo "1968"]
[TimeControl "180+1"]
[EndTime "11:31:26 PDT"]
[Termination "tteshan won by resignation"]

1. e4 Nf6 2. e5 Nd5 3. c4 Nb6 4. d4 d6 5. exd6 cxd6 6. Nf3 g6 7. Bd3 Bg7 8. Be3 O-O 9. O-O Nc6 10. Nbd2 Nb4 11.
Bb1 a5 12. a3 Nc6 13. Bd3 a4 14. Rc1 Bg4 15. Be2 d5 16. h3 Bf5 17. c5 Nd7 18. g4 Be4 19. Nxe4 dxe4 20. Ne1 Nf6 21. Ng2 Nd5 22. Qc2 Nxe3 23. fxe3 e5 24. dxe5 Bxe5 25. Qxe4 Bxb2 26. Rb1 Bxa3 27. Rxb7 Na5 28. Rb5 Nb3 29. Qf4 Bxc5 30. Bc4 Ra7 31. Bxb3 axb3 32. Rxc5 b2 33. Rb5 Qd2 34. Qf2 Qxf2+ 35. Rxf2 Ra1+ 36. Rf1 Ra2 37. Rb1 Rc8 38. R5xb2 Raa8 39. Nf4 h6 40. Nd5 Re8 41. Nf6+ 1-0

[Event "*** Titled Tuesday Blitz"]
[Site "Chess.com"]
[Date "2020.05.12"]
[Round "8"]
[White "ThePatrick27"]
[Black "AlexZambrano"]
[Result "1-0"]
[WhiteElo "2535"]
[BlackElo "2317"]
[TimeControl "180+1"]
[EndTime "11:31:28 PDT"]
[Termination "ThePatrick27 won by resignation"]

1. d4 Nf6 2. c4 g6 3. Nc3 d5 4. cxd5 Nxd5 5. e4 Nxc3 6. bxc3 Bg7 7. Be3 O-O 8. Nf3 c5 9. Rc1 Bg4 10. Qd2 Nc6 11. d5 Bxf3 12. gxf3 Ne5 13. Be2 b6 14. f4 Nd7 15. c4 Nf6 16. Bf3 Rc8 17. h4 h5 18. Ke2 Qd7 19. Rcg1 e5 20. fxe5 Ng4 21.
Bxg4 hxg4 22. Bf4 Rce8 23. h5 Bxe5 24. hxg6 fxg6 25. Be3 Qf7 26. Kd3 Qf3 27. Qd1 Kg7 28. Rxg4 Qxd1+ 29. Rxd1 Rh8 30. Rdg1 Rh3 31. Rxg6+ Kf7 32.
R6g5 Bd4 33. R1g3 Rh4 34. Rf3+ Ke7 35. Bxd4 cxd4 36. Re5+ Kd7 37. Rxe8 Kxe8 38. Kxd4 1-0

[Event "*** Titled Tuesday Blitz"]
[Site "Chess.com"]
[Date "2020.05.12"]
[Round "8"]
[White "ChristianAlm"]
[Black "I_Hit_18K_on_BS"]
[Result "1-0"]
[WhiteElo "2427"]
[BlackElo "2143"]
[TimeControl "180+1"]
[EndTime "11:31:29 PDT"]
[Termination "ChristianAlm won on time"]

1. d4 Nf6 2. Bg5 Ne4 3. Bf4 c5 4. f3 Nf6 5. dxc5 Qa5+ 6. Nc3 Qxc5 7. Qd2 g6 8. e4 Bg7 9. O-O-O O-O 10. h4 a6 11. Be3 Qc7 12. h5 Nxh5 13. Nge2 e6 14. Bh6 b5 15. Rxh5 gxh5 16. Bxg7 Kxg7 17. Qg5+ Kh8 18. Qf6+ Kg8 19. Nd5 exd5 20. Rxd5 Rd8 21.
Rg5+ Kf8 22. Qg7+ Ke8 23. Re5+ Qxe5 24. Qxe5+ Kf8 25. Nd4 1-0